 Dungeon Crawl Stone Soup version 0.30.1-11-g7821555f0a (webtiles) character file.

Game seed: 5614301739910635116

693 ChrisAssaf the Magician (level 7, -4/49 HPs)
             Began as a Djinni Summoner on Dec 20, 2023.
             Was an Elder of Wu Jian.
             Killed from afar by Blork the orc (17 damage)
             ... with a bolt of light
             ... on level 5 of the Dungeon.
             The game lasted 00:18:45 (4860 turns).

ChrisAssaf the Magician (Djinni Summoner)           Turns: 4860, Time: 00:18:45

Health: -4/49      AC:  3    Str: 10 (11) XL:     7   Next: 96%
Gold:   232        EV: 12    Int: 16 (18) God:    Wu Jian [****..] SH:  0 Dex: 12 (14)

rFire   + . .        n - +3 hand axe of Famine {heavy, Str+4}
rCold   . . .        (no shield)
rNeg    . . .        a - +1 robe
rPois   ∞            (no helmet)
rElec   .            (no cloak)
rCorr   .            (no gloves)
SInv    .            (boots unavailable)
Will    +....        (no amulet)
Stlth   ++           d - ring of willpower
HPRegen 0.28/turn    e - ring of ice
MPRegen 0.00/turn

%: infuse magic (-5 HP)
@: about to teleport, marked, flying
A: sickness immunity, fire resistance 2, cold vulnerability 1, float, innate
caster, HP casting, extra vitality 1
a: Renounce Religion, Wall Jump, Serpent's Lash


You were on level 5 of the Dungeon.
You worshipped Wu Jian.
Wu Jian was greatly pleased with you.
You visited 1 branch of the dungeon, and saw 5 of its levels.
You also visited: Sewer.

You collected 232 gold pieces.

Inventory:

Hand Weapons
 n - the +3 hand axe of Famine (weapon) {heavy, Str+4}
   (You found it in a sewer)

   Str:       It affects your strength (+4).
Missiles
 r - a boomerang (quivered)
Armour
 a - a +1 robe (worn)
Jewellery
 d - a ring of willpower (left hand)
 e - a ring of ice (right hand)
 t - a ring of willpower
Wands
 p - a wand of flame (6)
Scrolls
 l - a scroll of vulnerability
 o - 2 scrolls of fog
Potions
 b - a potion of brilliance {unknown}
 c - 3 potions of degeneration
 f - a potion of resistance {unknown}
 g - a potion of ambrosia {unknown}
 h - 2 potions of cancellation {unknown}
 i - a potion of heal wounds {unknown}
 j - 2 potions of attraction {unknown}
 k - a potion of curing
 m - 2 potions of mutation {unknown}
 q - a potion of invisibility {unknown}


   Skills:
 * Level 2.0 Fighting
 * Level 0.7 Axes
 * Level 1.1 Throwing
 * Level 2.2 Armour
 * Level 3.3 Dodging
 * Level 3.2 Stealth
 + Level 0.3 Unarmed Combat
 * Level 5.2 Spellcasting
 * Level 1.2 Evocations


You knew the following spells:

 Your Spells              Type           Power      Damage    Failure   Level
a - Summon Small Mammal   Summ           84%        N/A       1%          1
b - Call Imp              Summ           42%        N/A       2%          2
c - Call Canine Familiar  Summ           21%        N/A       4%          3
d - Summon Guardian Gole  Hex/Summ       21%        N/A       4%          3
e - Summon Lightning Spi  Summ/Air       21%        N/A       17%         4
f - Sandblast             Erth           42%        2d11      1%          1
g - Searing Ray           Conj           42%        2d6       2%          2
h - Confusing Touch       Hex            21%        N/A       4%          3
Your spell library was empty.

Dungeon Overview and Level Annotations

Branches:
Dungeon (5/15)              Sewer (visited)
 Temple: D:4-7

Altars:
Elyvilon
Makhleb
Okawaru
Uskayaw
Wu Jian
Yredelemnul

Shops:
D:4 :

Annotations:
D:5 Blork the orc


Innate Abilities, Weirdness & Mutations

You are immune to sickness and miasma.
You are immune to poison.
Your flesh is very heat resistant. (rF++)
You are vulnerable to cold. (rC-)
You float through the air rather than walking.
You learn spells naturally, not from books.
Your magical power is your life essence.
You have superior vitality. (+4 MHP)


Message History

* * * LOW HITPOINT WARNING * * *
It was a potion of degeneration.
There was something very wrong with that liquid.
You feel weakened.
You feel dopey.
You feel clumsy. The adder bites your lightning spire.
Your lightning spire shoots out a bolt of lightning at the adder!
The bolt of electricity misses the adder.
The scorpion stings you but does no damage.
The orc closely misses you. The orc hits you but does no damage.
Blork the orc comes into view.
He is wielding a +0 hand axe and carrying a wand of light (8).
It was a potion of curing.
You feel better.
The adder bites your lightning spire but does no damage.
The scorpion closely misses you. The orc hits you but does no damage.
The orc closely misses you.
The adder bites your lightning spire but does no damage.
You feel better. The scorpion stings you.
Your lightning spire shoots out a bolt of lightning at the adder!
The bolt of electricity hits the adder!
The adder dies!
The Council accepts your kill.
An orc comes into view. It is wielding a +0 flail.
The orc hits you with a +0 hand axe.
Blork the orc mumbles some strange words.
Blork the orc seems to speed up.
The scorpion barely misses you.
As you read the scroll of teleportation, it crumbles to dust.
You feel strangely unstable. The scorpion misses you.
The orc barely misses you. The orc hits you with a +0 club.
* * * LOW HITPOINT WARNING * * *
You spin and attack the orc.
You slash the orc!
You kill the orc!
The Council accepts your kill.
You spin and attack the scorpion.
You hit the scorpion.
You kill the scorpion!
The Council accepts your kill.
Your lightning spire shoots out a bolt of lightning at the orc!
The bolt of electricity hits the orc!
The orc dies!
The Council accepts your kill.
Blork the orc zaps a wand.
The bolt of light hits you!
You die...

#.###.# #......
########.....#
#......
........##..#
####### .
....###.# .# #
##.s... #.# #.#
....##.###.###..$#
.......#.........#
..##.).....8[....
.....oo)@..####..#
.$.##o####.# .. #
#. #.# # #.# #.#
#.# #..


You could see Blork the orc (fast), 2 orcs and a friendly lightning spire
(summoned).

Vanquished Creatures
  A nameless horror (D:4)
  2 bullfrogs (Sewer)
  2 scorpions (D:5)
  A jelly (D:4)
  3 hounds
  Crazy Yiuf (D:4)
  2 iguanas
  A gnoll (D:4)
  3 adders
  2 white imps (D:5)
  4 orcs
  2 ball pythons
  3 bats
  6 endoplasms
  6 giant cockroaches
  4 goblins
  3 hobgoblins
  2 jackals (D:5)
  5 kobolds
  6 quokkas
  8 frilled lizards
  A rat (D:3)
68 creatures vanquished.

Vanquished Creatures (collateral kills)
  A jelly (D:4)
  An iguana (D:4)
  4 gnolls (D:5)
  5 adders
  2 worms
  An orc (D:5)
  5 ball pythons
  3 bats
  8 endoplasms
  8 giant cockroaches
  2 goblins
  2 hobgoblins (D:2)
  8 quokkas
  5 frilled lizards
  3 kobolds
  2 rats (D:1)
60 creatures vanquished.

Grand Total: 128 creatures vanquished

Notes
Turn   | Place    | Note
-------+----------+-------------------------------------------
     0 | D:1      | ChrisAssaf the Djinni Summoner began the quest for the Orb.
     0 | D:1      | ChrisAssaf set off with the following spells memorised:
                  | Summon Small Mammal, Call Imp, Call Canine Familiar, Summon
                  | Guardian Golem, Summon Lightning Spire.
     0 | D:1      | Reached XP level 1. HP: 15/15 MP: 0/0
   263 | D:1      | Reached XP level 2. HP: 21/22 MP: 0/0
   354 | D:1      | You are sucked into a shaft and drop 1 floor!
   666 | D:2      | Found a faded altar of an unknown god.
   671 | D:2      | Prayed at the altar of an unknown god.
   671 | D:2      | Became a worshipper of the Wu Jian Council
   671 | D:2      | Reached * piety under Wu Jian
   686 | D:2      | Reached XP level 3. HP: 19/26 MP: 0/0
   686 | D:2      | Learned a level 1 spell: Sandblast
   919 | D:2      | Found an iron altar of Okawaru.
  1867 | D:3      | Reached skill level 4 in Spellcasting
  1867 | D:3      | Reached XP level 4. HP: 22/31 MP: 0/0
  2147 | D:3      | Reached ** piety under Wu Jian
  2149 | D:3      | Reached skill level 1 in Fighting
  2153 | D:3      | Found a glowing drain.
  2158 | Sewer    | Entered a sewer
  2316 | Sewer    | Reached skill level 1 in Armour
  2375 | Sewer    | Reached XP level 5. HP: 19/37 MP: 0/0
  2375 | Sewer    | Learned a level 2 spell: Searing Ray
  2582 | Sewer    | Reached *** piety under Wu Jian
  2594 | Sewer    | Noticed a bullfrog
  2598 | Sewer    | Noticed a bullfrog
  2604 | Sewer    | Killed a bullfrog
  2605 | Sewer    | Reached XP level 6. HP: 25/42 MP: 0/0
  2620 | Sewer    | Identified the +3 hand axe of Famine {heavy, Str+4}
  3449 | D:4      | Found a burning altar of Makhleb.
  3458 | D:4      | Reached skill level 5 in Spellcasting
  3571 | D:4      | Found a runed translucent door.
  3572 | D:4      | Noticed Crazy Yiuf
  3582 | D:4      | Killed Crazy Yiuf
  3769 | D:4      | Found a basalt altar of Yredelemnul.
  3790 | D:4      | Found a hide-covered altar of Uskayaw.
  3805 | D:4      | Found a white marble altar of Elyvilon.
  3812 | D:4      | Reached XP level 7. HP: 37/48 MP: 0/0
  3812 | D:4      | Learned a level 3 spell: Confusing Touch
  4090 | D:4      | Found Yxzec's Book Boutique.
  4165 | D:4      | Noticed a nameless horror
  4176 | D:4      | Killed a nameless horror
  4464 | D:5      | Entered Level 5 of the Dungeon
  4479 | D:5      | Reached skill level 1 in Evocations
  4631 | D:5      | Reached skill level 1 in Throwing
  4733 | D:5      | Reached **** piety under Wu Jian
  4856 | D:5      | Noticed Blork the orc
  4860 | D:5      | Killed from afar by Blork the orc

Illustrated notes

Levels and vault maps discovered:
D:1:      shiori_arrival_oz, layout_loops_ring, chequers_avenue,
          chequers_garden, item_on_display_a
D:2:      layout_loops_ring, shapermc_ecumenical_altar_notcrosses, basic_altar
D:3:      layout_basic, gup_sewer_entry_bowl, minivault_5
D:4:      layout_loops_ring, kennysheep_mini, mainiacjoe_overflow_cross_hatched,
          mainiacjoe_overflow_catch_the_wave, serial_shops, shop,
          wad_rectangle_vault, uniq_crazy_yiuf_cottage
D:5:      layout_basic, uniq_grinder, uniq_blork_the_orc

Skill      XL: |  1  2  3  4  5  6  7 |
---------------+----------------------+-----
Spellcasting   | 4 5 |  5.2
Fighting       | 1 2 |  2.0
Armour         | 1 2 |  2.2
Stealth        | 2 3 |  3.2
Dodging        | 3 |  3.3
Evocations     | 1 |  1.2
Throwing       | 1 |  1.1
Axes           | |  0.7
Unarmed Combat | |  0.3

Action                     |  1- 3 |  4- 6 |  7- 9 || total
---------------------------+-------+-------+-------++-------
  Melee: Unarmed           |     7 |    21 |       ||    28
         Hand axe          |       |    14 |    26 ||    40
         Punch             |       |       |     1 ||     1
  Throw: Boomerang         |       |       |     8 ||     8
   Cast: Summon Small Mamm |    13 |     2 |       ||    15
         Call Imp          |     8 |     3 |     1 ||    12
         Sandblast         |    15 |    33 |     3 ||    51
         Call Canine Famil |     3 |       |       ||     3
         Summon Lightning  |       |     8 |     2 ||    10
         Searing Ray       |       |     5 |     2 ||     7
         Confusing Touch   |       |       |     1 ||     1
Ability: Whirlwind         |     7 |    15 |     5 ||    27
         Lunge             |       |     7 |     2 ||     9
    Use: Scroll            |     4 |     3 |     4 ||    11
         Potion            |       |       |     3 ||     3
   Stab: Sleeping          |       |     3 |     4 ||     7
 Armour: Robe              |     3 |    10 |    10 ||    23
  Dodge: Dodged            |    47 |    43 |    35 ||   125
